 Dungeon Crawl Stone Soup version 0.21-a0-496-g696f58f (webtiles) character file.

5 kae the Digger (level 1, -4/10 HPs)
             Began as a Gargoyle Earth Elementalist on Nov 23, 2017.
             Slain by a gnoll
             ... wielding a +0 spear
              (7 damage)
             ... on level 1 of the Dungeon.
             The game lasted 00:00:46 (393 turns).

kae the Digger (Gargoyle Earth Elementalist)         Turns: 393, Time: 00:00:47

Health: -4/10      AC:  4    Str: 11    XL:     1   Next: 80%
Magic:  3/3        EV: 12    Int: 15    God:
Gold:   0          SH:  0    Dex: 10    Spells: 3/4 levels left

rFire    . . .     SeeInvis .   a - +0 club
rCold    . . .     Gourm    .   (no shield)
rNeg     + . .     Faith    .   c - +0 robe
rPois    ∞         Spirit   .   (no helmet)
rElec    +         Reflect  .   (no cloak)
rCorr    .         Harm     .   (no gloves)
MR       .....                  (no boots)
Stlth    ++........             (no amulet)
HPRegen  0.03/turn              (no ring)
MPRegen  0.08/turn              (no ring)

@: no status effects
A: negative energy resistance 1, electricity resistance, unbreathing,
petrification resistance, rot immunity, AC +2
a: no special abilities


You were on level 1 of the Dungeon.
You were not hungry.

You visited 1 branch of the dungeon, and saw 1 of its levels.

Inventory:

Hand Weapons
 a - a +0 club (weapon)
Missiles
 b - 57 stones (quivered)
Armour
 c - a +0 robe (worn)
Scrolls
 f - 2 scrolls of remove curse {unknown}
 h - 3 scrolls of identify {unknown}
Potions
 g - a potion of might {unknown}
 i - a potion of berserk rage {unknown}
Books
 e - a book of Geomancy

   Spells                             Type                      Level
   a - Sandblast                      Earth                        1
   b - Passwall                       Transmutation/Earth          2
   c - Stone Arrow                    Conjuration/Earth            3
   d - Petrify                        Transmutation/Earth          4
   e - Lee's Rapid Deconstruction     Earth                        5
Comestibles
 d - a bread ration


   Skills:
 - Level 1.5 Dodging
 - Level 2.1 Stealth
 + Level 2.2 Spellcasting
   Level 0.7 Transmutations
 + Level 3.9 Earth Magic


You had 3 spell levels left.
You knew the following spells:

 Your Spells              Type           Power        Failure   Level  Hunger
a - Sandblast             Erth           ##....       4%          1    #......


Dungeon Overview and Level Annotations

Branches:
Dungeon (1/15)

Altars:


Innate Abilities, Weirdness & Mutations

You are resistant to torment.
Your stone body is resilient. (AC +2)
You are immune to poison.
You resist negative energy. (rN+)
You are resistant to electric shocks. (rElec)
You can survive without breathing.
You are immune to petrification.
You are immune to rotting.


Message History

The leopard gecko hisses angrily.
A gnoll comes into view. It is wielding a spear.
The gnoll shouts!
A giant cockroach comes into view.
You hit the leopard gecko.
The leopard gecko is heavily wounded.
The leopard gecko barely misses you. The leopard gecko bites you.
You closely miss the leopard gecko.
The leopard gecko is moderately wounded.
The leopard gecko closely misses you.
You hit the leopard gecko but do no damage.
The leopard gecko is moderately wounded.
The leopard gecko bites you but does no damage.
The gnoll hits you from afar with a spear.
Ouch! That really hurt!
The leopard gecko bites you.
* * * LOW HITPOINT WARNING * * *
The gnoll hits you from afar with a spear!
Ouch! That really hurt!
You die...

#.# ############# #.#
#...........# #.#
##########..###.##
#..##%..#
########.###...# #
...............##..#
########......@ls..#
##########..##.###g..#
...............# ....#
....>.......#..# ....
######.##......# ###
#..#+#.#.##
#######.....#.#
......#.....#.#
#####.#...(.#


You could see a gnoll, a leopard gecko and a giant cockroach.

Vanquished Creatures
  A giant cockroach (D:1)
  A hobgoblin (D:1)
  2 bats (D:1)
  2 kobolds (D:1)
6 creatures vanquished.

Notes
Turn   | Place    | Note
-------+----------+-------------------------------------------
     0 | D:1      | kae the Gargoyle Earth Elementalist began the quest for the Orb.
     0 | D:1      | Reached XP level 1. HP: 10/10 MP: 3/3
   393 | D:1      | Slain by a gnoll

Vault maps used:
D:1:      wheals_arrival_linesprint, amethyst_killhole, minmay_distorted

Action                   || total
-------------------------++-------
Melee: Club              ||    22
       Unarmed           ||     1
 Cast: Sandblast         ||     5
Armor: Robe              ||    17
Dodge: Dodged            ||    31

Table legend:
 A = Spawn XP
 B = Non-spawn XP
 C = Spawn XP percentage of total XP
 D = Spawn monster count
 E = Non-spawn monster count
 F = Spawn count percentage of total count
 G = Total turns spent on level
                    A         B        C        D         E        F      G
               +---------+---------+-------+---------+---------+-------+---------
         Total |       0 |       8 |   0.0 |       0 |       6 |   0.0 |   393
               +---------+---------+-------+---------+---------+-------+---------
           D:1 |       0 |       8 |   0.0 |       0 |       6 |   0.0 |   393
               +---------+---------+-------+---------+---------+-------+---------
